cohdb
Replays
Latest Replays
All Replays
Popular Replays
Top Player Replays
Match Explorer
How It Works
Community
CoH3 Stats
Reddit
Sign in to upload your games and track your stats! →
Sign in with Steam
Match 43430185
Unlisted
Match 43430185
Overview
Messages
Build Orders
End
Panzergrenadier Squad
Selects Armored Support Battlegroup
250 Light Carrier
Panzergrenadier Squad
Construct Light Support Kompanie
Combat Half-tracks
Selects Salvage Kits
MG34 Team
2.5-tonne Medical Truck
Fire Support Elements
Panzerjäger Mechanized Group
Veteran Squad Leaders
Flakvierling Half-track
Vehicle Survival Package
Construct Mechanized Kompanie
Selects Superior Fire Drills
Pak 38 Mechanized Group
Marder III Tank Destroyer
StuG III D Assault Gun
Marder III Tank Destroyer
Assault Mechanized Group
Selects Panzer Storm
Selects Stuka Anti-tank Loiter
Emergency Repair Kits
Flakvierling Half-track
Construct Panzerarmee Kommand
Assault Mechanized Group
Marder III Tank Destroyer
Stuka Anti-tank Loiter
AI Takeover
Zapatista
Emmortael
掐住橙猫猫的头左右摇
no mercy
RitraXP
alex You
Chaotic
Deep Blue Fish
0
0
Comments
sign in to comment!
No comments posted yet!